 Dungeon Crawl Stone Soup version 0.26-a0-651-gb41185065b (webtiles) character file.

Game seed: 7347921792004006982

84 Apogee the Cudgeler (level 4, -9/37 HPs)
             Began as a Demonspawn Berserker on Oct 13, 2020.
             Was a Believer of Trog.
             Mangled by a gnoll
             ... wielding a +1 flail of holy wrath
              (15 damage)
             ... on level 2 of the Dungeon.
             The game lasted 00:02:46 (2182 turns).

Apogee the Cudgeler (Demonspawn Berserker)          Turns: 2182, Time: 00:02:47

Health: -9/37      AC:  3    Str: 18    XL:     4   Next: 24%
Magic:  4/4        EV: 12    Int:  8    God:    Trog [**....]
Gold:   44         SH:  0    Dex: 13    Spells: 3/3 levels left

rFire    . . .     SeeInvis .   a - +0 mace
rCold    . . .     Faith    .   (no shield)
rNeg     . . .     Spirit   .   g - +0 leather armour
rPois    .         Reflect  .   (helmet restricted)
rElec    .         Harm     .   (no cloak)
rCorr    .         Rampage  .   (no gloves)
MR       .....                  (no boots)
Stlth    +.........             (no amulet)
HPRegen  0.12/turn              (no ring)
MPRegen  0.09/turn              (no ring)

@: berserk cooldown, slowed, very slow
A: antennae 1, talons 1, rot immunity
a: Berserk, Trog's Hand, Renounce Religion


You were on level 2 of the Dungeon.
You worshipped Trog.
Trog was pleased with you.
You visited 1 branch of the dungeon, and saw 2 of its levels.

You collected 44 gold pieces.

Inventory:

Hand Weapons
 a - a +0 mace (weapon)
Armour
 b - a +0 animal skin
 e - a +0 buckler
   (You found it on level 1 of the Dungeon)
 f - a cursed +0 chain mail
   (You found it on level 1 of the Dungeon)
 g - a +0 leather armour (worn)
   (You found it on level 1 of the Dungeon)
Scrolls
 c - a scroll of amnesia {unknown}
 d - a scroll of teleportation {unknown}
 i - a scroll of enchant armour {unknown}


   Skills:
 + Level 3.8 Fighting
 * Level 4.1 Maces & Flails
 - Level 1.7 Armour
 - Level 1.7 Dodging


You had 3 spell levels left.
You didn't know any spells.
Your spell library was empty.

Dungeon Overview and Level Annotations

Branches:
Dungeon (2/15)

Altars:


Innate Abilities, Weirdness & Mutations

You have a pair of small antennae on your head.
You have sharp toenails.
You are immune to rotting.


Message History

No target in view!
No target in view!
No target in view!
No target in view!
Things that are here:
a +0 club; 3 stones
Found a scroll labeled JIANIU YVAUF.
i - a scroll labeled JIANIU YVAUF The gnoll shouts!
There are monsters nearby!
There are monsters nearby!
There are monsters nearby!
You start waiting.
A gnoll is nearby!
A red film seems to cover your vision as you go berserk!
You feel yourself moving faster!
You feel mighty!
You feel a strong urge to attack something.
The gnoll barely misses you.
You sock the gnoll! The gnoll hits you with a +0 trident!
You sock the gnoll!
You kill the gnoll!
Trog accepts your kill.
Things that are here:
a +0 trident; a gnoll corpse You feel a strong urge to attack something.
The gnoll shouts!
The hobgoblin shouts!
You hear a shout!
You feel your anger nearly subside.
You are no longer berserk.
You are exhausted.
You feel yourself slow down.
The gnoll shouts!
The gnoll barely misses you.
You thump the gnoll! You claw the gnoll, but do no damage.
The gnoll misses you.
You barely miss the gnoll. Your kick misses the gnoll.
The gnoll hits you with a +1 flail of holy wrath.
You convulse.
The hobgoblin barely misses you.
The gnoll drinks a potion.
The gnoll seems to grow stronger.
The hobgoblin misses you.
The gnoll hits you with a +1 flail of holy wrath.
You convulse!
* * * LOW HITPOINT WARNING * * *
You aren't carrying any items that you can evoke.
It was a potion of curing.
You feel better.
The gnoll hits you with a +1 flail of holy wrath.
* * * LOW HITPOINT WARNING * * *
You convulse!
* * * LOW HITPOINT WARNING * * *
The gnoll hits you with a +1 flail of holy wrath!
You die...

#.)###....#...#####..#.####.#
#..####.....#...........###.#
........#...#########....##†##
.................#####.#.##†.#
....................##...###.##
..........##..###...##........#
..........#..).......#.....#..#
.............######..#.###.#..#
..............gg@...<....#.....#
..............####.#.....####....
..........##...............# #...
.......................# ...
.........##.................
.........................
..^..####...##........... ....
#.. ###........ ...


You could see 2 gnolls.

Vanquished Creatures
  A gnoll (D:2)
  5 adders (D:2)
  2 leopard geckos (D:1)
  2 bats
  2 giant cockroaches (D:1)
  4 hobgoblins (D:1)
  2 jackals (D:2)
  4 frilled lizards (D:1)
  3 goblins (D:1)
  4 kobolds
  A rat (D:1)
30 creatures vanquished.

Notes
Turn   | Place    | Note
-------+----------+-------------------------------------------
     0 | D:1      | Apogee the Demonspawn Berserker began the quest for the
                  | Orb.
     0 | D:1      | Reached XP level 1. HP: 18/18 MP: 1/1
   645 | D:1      | Reached skill level 3 in Maces & Flails
   777 | D:1      | Gained mutation: You are immune to rotting. [demonic
                  | ancestry]
   777 | D:1      | Reached XP level 2. HP: 24/24 MP: 2/2
  1414 | D:2      | Gained mutation: You have a pair of small antennae on your
                  | head. [demonic ancestry]
  1414 | D:2      | Reached XP level 3. HP: 29/29 MP: 3/3
  2102 | D:2      | Reached ** piety under Trog
  2102 | D:2      | Reached skill level 4 in Maces & Flails
  2102 | D:2      | Gained mutation: You have sharp toenails. [demonic
                  | ancestry]
  2102 | D:2      | Reached XP level 4. HP: 35/37 MP: 4/4
  2182 | D:2      | Mangled by a gnoll

Illustrated notes

Levels and vault maps discovered:
D:1:      minmay_arrival_plants_in_alcoves, layout_basic, lemuel_flame_loot_1
D:2:      layout_rooms, minivault_5

Skill      XL: |  1  2  3 |
---------------+----------+-----
Maces & Flails | 3 4 |  4.1
Fighting       | |  3.8
Armour         | |  1.7
Dodging        | |  1.7

Action                   |  1- 3 |  4- 6 || total
-------------------------+-------+-------++-------
Melee: Mace              |    99 |    12 ||   111
       Kick              |       |     2 ||     2
Invok: Berserk           |     4 |     1 ||     5
  Use: Potion            |       |     1 ||     1
Armor: Animal skin       |    14 |       ||    14
       Leather armour    |    14 |     3 ||    17
Dodge: Dodged            |    97 |    10 ||   107

Table legend: (Time is in decaauts)
 A = Elapsed time spent in this place.
 B = Non-inter-level travel time spent in this place.
 C = Inter-level travel time spent in this place.
 D = Time resting spent in this place.
 E = Time spent auto-exploring this place.
 F = Levels seen in this place.
 G = Mean time per level.
                   A        B        C        D        E       F      G
               +--------+--------+--------+--------+--------+-----+--------+
         Total |   2255 |   2137 |    118 |    994 |    844 |   2 | 1127.5 |
       Dungeon |   2255 |   2137 |    118 |    994 |    844 |   2 | 1127.5 |
               +--------+--------+--------+--------+--------+-----+--------+

Top non-repeatable levels by time:
     D:1: 1986 daAuts
     D:2: 268 daAuts
